 Dungeon Crawl Stone Soup version 0.26.1-11-gd32895ea62 (webtiles) character file.

Game seed: 1642888202684973496

142 Gabide the Cudgeller (level 5, -4/41 HPs)
             Began as a Human Monk on June 18, 2021.
             Was a Priest of Elyvilon.
             Shot with an arrow by a centaur (19 damage)
             ... on level 3 of the Dungeon.
             The game lasted 00:03:01 (4177 turns).

Gabide the Cudgeller (Human Monk)                   Turns: 4177, Time: 00:03:03

Health: -4/41      AC:  3    Str: 12    XL:     5   Next: 49%
Magic:  5/5        EV: 14    Int: 11    God:    Elyvilon [***...]
Gold:   94         SH:  0    Dex: 15    Spells: 4/4 levels left

rFire    . . .     SeeInvis .   a - +0 mace
rCold    . . .     Faith    .   (no shield)
rNeg     . . .     Spirit   .   b - +0 robe
rPois    .         Reflect  .   h - +0 helmet
rElec    .         Harm     .   (no cloak)
rCorr    .         Rampage  .   (no gloves)
Will     .....                  (no boots)
Stlth    ++........             (no amulet)
HPRegen  0.13/turn              (no ring)
MPRegen  0.09/turn              (no ring)

@: no status effects
A: no striking features
a: Renounce Religion, Lesser Healing, Heal Other, Purification, Divine
Protection


You were on level 3 of the Dungeon.
You worshipped Elyvilon.
Elyvilon was most pleased with you.
You visited 1 branch of the dungeon, and saw 3 of its levels.

You collected 94 gold pieces.

Inventory:

Hand Weapons
 a - a +0 mace (weapon)
Armour
 b - a +0 robe (worn)
 h - a +0 helmet (worn)
Jewellery
 c - a cursed ring of magical power {unknown}
 g - a +4 ring of protection {unknown}
Scrolls
 f - 2 scrolls of amnesia
 i - 4 scrolls of identify {unknown}
Potions
 d - 2 potions of cancellation {unknown}
 e - 4 potions of curing {unknown}
 j - a potion of might {unknown}


   Skills:
 + Level 3.4 Fighting
 * Level 4.5 Maces & Flails
 * Level 3.8 Dodging
 + Level 2.6 Stealth


You had 4 spell levels left.
You didn't know any spells.
Your spell library was empty.

Dungeon Overview and Level Annotations

Branches:
Dungeon (3/15)

Altars:
Elyvilon


Message History

You hit the centaur.
The centaur is moderately wounded.
The centaur hits you. x2
You are too injured to fight recklessly!
You are too injured to fight recklessly!
You are too injured to fight recklessly!
You are too injured to fight recklessly!
You are too injured to fight recklessly!
You are too injured to fight recklessly!
You are too injured to fight recklessly!
You are too injured to fight recklessly!
You are too injured to fight recklessly!
You are too injured to fight recklessly!
You are too injured to fight recklessly!
You are too injured to fight recklessly!
You are too injured to fight recklessly!
You are too injured to fight recklessly!
The centaur wields a +0 shortbow.
The centaur shoots an arrow.
The arrow hits you!!
You die...

c...........#
..........).##
....r.[....(.
.....g..)..# .#
..........# .# .#
..#.#....# ##.##.##
..........# ##...(..##
...###...c#####....(...##
# #....†@............#
########...........#
#...........#
##..........#
#..........##.
##............
######..†.......#..
........<...)......
#####...†......##.


You could see a centaur, a goblin and a rat.

Vanquished Creatures
  6 adders
  An ooze (D:1)
  4 worms
  5 dart slugs
  2 leopard geckos
  A giant cockroach (D:2)
  2 goblins (D:1)
  13 hobgoblins
  5 jackals (D:2)
  5 kobolds
  A quokka (D:2)
  6 bats
  4 frilled lizards
  5 rats
60 creatures vanquished.

Notes
Turn   | Place    | Note
-------+----------+-------------------------------------------
     0 | D:1      | Gabide the Human Monk began the quest for the Orb.
     0 | D:1      | Reached XP level 1. HP: 18/18 MP: 1/1
   109 | D:1      | Reached XP level 2. HP: 22/24 MP: 2/2
   556 | D:1      | Reached XP level 3. HP: 19/29 MP: 3/3
  1781 | D:2      | Found a white marble altar of Elyvilon.
  1826 | D:2      | Reached XP level 4. HP: 7/35 MP: 4/4
  1920 | D:2      | Became a worshipper of Elyvilon the Healer
  1920 | D:2      | Reached * piety under Elyvilon
  1920 | D:2      | Reached ** piety under Elyvilon
  2185 | D:2      | Found a faded altar of an unknown god.
  2573 | D:2      | Reached skill level 4 in Maces & Flails
  3359 | D:2      | Reached *** piety under Elyvilon
  3381 | D:2      | Reached XP level 5. HP: 17/41 MP: 1/5
  4126 | D:3      | Noticed a centaur
  4177 | D:3      | Shot with an arrow by a centaur

Illustrated notes

Levels and vault maps discovered:
D:1:      noname_arrival_rooms_in_the_neighbourhood, layout_basic, minmay_tall_x
D:2:      layout_loops_corners, nicolae_overflow_crystal_walls,
          chequers_ecumenical_altar_simple_redux, kennysheep_generic_room_14
D:3:      layout_rooms, overflow_temple_1_default

Skill      XL: |  1  2  3  4 |
---------------+-------------+-----
Maces & Flails | 4 |  4.5
Fighting       | |  3.4
Dodging        | |  3.8
Stealth        | |  2.6

Action                   |  1- 3 |  4- 6 || total
-------------------------+-------+-------++-------
Melee: Mace              |   106 |   160 ||   266
Invok: Purification      |       |     1 ||     1
  Use: Scroll            |     4 |     1 ||     5
 Stab: Sleeping          |     7 |     6 ||    13
Armor: Robe              |    27 |    25 ||    52
Dodge: Dodged            |    87 |   127 ||   214
